 Dungeon Crawl Stone Soup version 0.29-a0-911-g88e6f02907 (webtiles) character file.

Game seed: 1522140859490416646

177 Nubsawce the Covered (level 5, -14/33 HPs)
             Began as a Gargoyle Fighter on July 26, 2022.
             Was a Believer of Lugonu.
             Demolished by an ogre
             ... wielding a +0 giant club
              (19 damage)
             ... on level 3 of the Dungeon.
             The game lasted 00:10:35 (1614 turns).

Nubsawce the Covered (Gargoyle Fighter)             Turns: 1614, Time: 00:10:36

Health: -14/33     AC: 12    Str: 21    XL:     5   Next: 57%
Magic:  5/5        EV:  9    Int:  9    God:    Lugonu [**....]
Gold:   147        SH:  4    Dex:  9    Spells: 4/4 levels left

rFire   . . .      SeeInvis +   o - +1 flail (vorpal)
rCold   . . .      Faith    .   c - +0 buckler
rNeg    + . .      Spirit   .   b - +0 scale mail
rPois   ∞          Reflect  .   s - +0 helmet
rElec   +          Harm     .   u - scarf {+Inv}
rCorr   .          Rampage  .   (no gloves)
Will    +....                   (no boots)
Stlth   ..........              (no amulet)
HPRegen 0.11/turn               h - ring of see invisible
MPRegen 0.09/turn               r - ring of willpower

@: no status effects
A: sickness immunity, AC +4, negative energy resistance 1, electricity
resistance, torment resistance 1, petrification resistance
a: Renounce Religion, Evoke Invisibility, Depart the Abyss, Bend Space


You were on level 3 of the Dungeon.
You worshipped Lugonu.
Lugonu was pleased with you.
You visited 1 branch of the dungeon, and saw 4 of its levels.

You collected 147 gold pieces.

Inventory:

Hand Weapons
 g - a +1 whip of electrocution
 o - a +1 vorpal flail (weapon)
Missiles
 e - 3 curare-tipped darts (quivered)
Armour
 b - a +0 scale mail (worn)
 c - a +0 buckler (worn)
 s - a +0 helmet (worn)
 u - a scarf of invisibility (worn)
Jewellery
 h - a ring of see invisible (left hand)
 r - a ring of willpower (right hand)
Scrolls
 f - a scroll of teleportation {unknown}
 i - a scroll of magic mapping {unknown}
 j - a scroll of fear {unknown}
 k - 2 scrolls of fog {unknown}
 l - a scroll of enchant armour {unknown}
 n - a scroll of amnesia {unknown}
 q - 5 scrolls of identify {unknown}
 t - a scroll of noise {unknown}
Potions
 a - a potion of haste {unknown}
 d - 2 potions of might
 m - a potion of mutation {unknown}
 p - a potion of curing {unknown}


   Skills:
 + Level 4.1 Fighting
 + Level 3.5 Maces & Flails
 + Level 4.6 Armour
 + Level 0.6 Dodging
 + Level 0.1 Stealth
 + Level 3.8 Shields


You had 4 spell levels left.
You didn't know any spells.
Your spell library contained the following spells:

 Spells                   Type           Power      Damage    Failure   Level
 Apportation              Tloc           0%         N/A       80%         1
 Necrotise                Necr           0%         1d4       80%         1
 Summon Small Mammal      Summ           0%         N/A       80%         1
 Blink                    Tloc           0%         N/A       91%         2
 Lesser Beckoning         Tloc           0%         N/A       99%         3
 Vampiric Draining        Necr           0%         2d6       99%         3
 Agony                    Necr           0%         N/A       100%        5
 Manifold Assault         Tloc           0%         N/A       100%        5


Dungeon Overview and Level Annotations

Branches:
Dungeon (4/15)
 Temple: D:4-7

Altars:
Lugonu


Innate Abilities, Weirdness & Mutations

You are immune to sickness and miasma.
Your stone body is resilient. (AC +4)
You are immune to poison.
You resist negative energy. (rN+)
You are resistant to electric shocks. (rElec)
You are resistant to unholy torment.
You are immune to petrification.


Message History

You kill the goblin!
Lugonu accepts your kill. The goblin hits you but does no damage.
You hit the goblin.
You kill the goblin!
Lugonu accepts your kill. The goblin hits you but does no damage.
You block the giant cockroach's attack.
You closely miss the goblin. The giant cockroach closely misses you.
The goblin hits you but does no damage.
You sock the goblin!
You kill the goblin!
Lugonu accepts your kill.
The giant cockroach bites you but does no damage. x2
You closely miss the giant cockroach.
The giant cockroach bites you but does no damage.
The goblin hits you but does no damage. You block the goblin's attack.
You thump the giant cockroach!
You kill the giant cockroach!
Lugonu accepts your kill. The goblin hits you but does no damage.
You sock the goblin!
You kill the goblin!
Lugonu accepts your kill. The ogre hits you with a +0 giant club!
The goblin hits you but does no damage.
You sock the ogre!
The ogre is moderately wounded.
You block the goblin's attack. The ogre hits you with a +0 giant club.
The goblin barely misses you.
You barely miss the ogre.
The ogre is moderately wounded.
The ogre hits you with a +0 giant club!
* * * LOW HITPOINT WARNING * * *
The goblin hits you but does no damage.
Items here: )) ††.
The goblin attacks as you move away! The goblin barely misses you.
You see here a +0 helmet.
The ogre attacks as you move away!
The ogre hits you with a +0 giant club!!
Ouch! That really hurt!
You die...

#...##.####.# #.#
#.(.##.####.######.# ##
#(g.##.............#
#...##)##......#########
#..)gg.......#
##.###g##....# #.
#g##....# .. #O####..#
.. ..#@####..# #.
#.#.......# ..
#.#####...# ... #.#
#...# .... #.# #...#
#..[.##.#####...#####
........#...........#.#
#.....†..............
#.#####...........#.


You could see an ogre and 3 goblins.

Vanquished Creatures
  A black bear (D:3)
  2 adders
  A worm (D:2)
  A dart slug (D:1)
  7 ball pythons
  3 bats (D:1)
  3 endoplasms
  5 giant cockroaches
  10 goblins
  3 hobgoblins
  9 jackals
  4 quokkas
  A frilled lizard (D:1)
  3 kobolds (D:1)
  5 rats
58 creatures vanquished.

Notes
Turn   | Place    | Note
-------+----------+-------------------------------------------
     0 | D:1      | Nubsawce the Gargoyle Fighter began the quest for the Orb.
     0 | D:1      | Reached XP level 1. HP: 14/14 MP: 1/1
    75 | D:1      | Reached XP level 2. HP: 15/19 MP: 2/2
   366 | D:1      | Reached XP level 3. HP: 23/23 MP: 3/3
   853 | D:2      | Found a faded altar of an unknown god.
   864 | D:2      | Prayed at the altar of an unknown god.
   864 | D:2      | Became a worshipper of Lugonu the Unformed
   864 | D:2      | Reached * piety under Lugonu
   864 | D:2      | Reached ** piety under Lugonu
  1110 | D:2      | You fall into a shaft and drop 2 floors!
  1119 | D:4      | Reached XP level 4. HP: 29/29 MP: 4/4
  1305 | D:3      | Noticed a black bear
  1313 | D:3      | Killed a black bear
  1314 | D:3      | Reached XP level 5. HP: 29/33 MP: 5/5
  1598 | D:3      | Noticed an ogre
  1614 | D:3      | Demolished by an ogre

Illustrated notes

Levels and vault maps discovered:
D:1:      dpeg_arrival_tiny_h, layout_loops_ring, kennysheep_small_spiral,
          hangedman_decor_clover_reticule, patterned_corridor
D:2:      layout_basic, basic_altar, dreamdust_ecumenical_altar_statues
D:3:      layout_loops_cross, minmay_ogre_servants
D:4:      layout_loops_ring, mainiacjoe_overflow_brackets, uniq_edmund,
          uniq_eustachio

Skill      XL: |  1  2  3  4 |
---------------+-------------+-----
Armour         | 4 |  4.6
Fighting       | 4 |  4.1
Maces & Flails | 3 |  3.5
Dodging        | |  0.6
Stealth        | |  0.1
Shields        | |  3.8

Action                   |  1- 3 |  4- 6 || total
-------------------------+-------+-------++-------
Melee: Whip              |    96 |       ||    96
       Flail             |    14 |    60 ||    74
Armor: Scale mail        |    52 |    52 ||   104
Dodge: Dodged            |    42 |    38 ||    80
Block: Buckler           |    15 |    19 ||    34

Table legend: (Time is in decaauts)
 A = Elapsed time spent in this place.
 B = Non-inter-level travel time spent in this place.
 C = Inter-level travel time spent in this place.
 D = Time resting spent in this place.
 E = Time spent auto-exploring this place.
 F = Levels seen in this place.
 G = Mean time per level.
                   A        B        C        D        E       F      G
               +--------+--------+--------+--------+--------+-----+--------+
         Total |   1635 |   1635 |      0 |      0 |    761 |   4 |  408.8 |
       Dungeon |   1635 |   1635 |      0 |      0 |    761 |   4 |  408.8 |
               +--------+--------+--------+--------+--------+-----+--------+

Top non-repeatable levels by time:
     D:1: 846 daAuts
     D:3: 385 daAuts
     D:2: 269 daAuts
     D:4: 135 daAuts
